 Dungeon Crawl Stone Soup version 0.29.0-5-ge4962eb29e (webtiles) character file.

Game seed: 3595364610298983665

19 sanka the Trooper (level 2, 32/32 HPs)
             Began as an Ogre Monk on Aug 29, 2022.
             Was a Believer of Qazlal.
             Quit the game on level 1 of the Dungeon.
             The game lasted 00:00:56 (423 turns).

sanka the Trooper (Ogre Monk)                        Turns: 423, Time: 00:00:57

Health: 32/32      AC:  3    Str: 14    XL:     2   Next: 75%
Magic:  2/2        EV: 10    Int: 11    God:    Qazlal [**....]
Gold:   18         SH:  8    Dex: 11    Spells: 1/1 levels left

rFire   . . .      SeeInvis .   a - +0 mace
rCold   . . .      Faith    .   (no shield)
rNeg    . . .      Spirit   .   b - +0 robe
rPois   .          Reflect  +   (helmet restricted)
rElec   .          Harm     .   (no cloak)
rCorr   .          Rampage  .   (gloves unavailable)
Will    .....                   (boots unavailable)
Stlth   +.........              e - amulet of reflection
HPRegen 0.10/turn               (no ring)
MPRegen 0.08/turn               (no ring)

@: no status effects
A: large, unfitting armour, tough skin 1
a: Renounce Religion, Upheaval


You were on level 1 of the Dungeon.
You worshipped Qazlal.
Qazlal was pleased with you.
You visited 1 branch of the dungeon, and saw 1 of its levels.

You collected 18 gold pieces.


Innate Abilities, Weirdness & Mutations

You are too large for most types of armour.
You have tough skin. (AC +1)


   Skills:
 - Level 4.0 Fighting
 + Level 3.6 Maces & Flails
 - Level 2.6 Dodging
 - Level 1.4 Stealth


You had one spell level left.
You didn't know any spells.
Your spell library contained the following spells:

 Spells                   Type           Power      Damage    Failure   Level
 Gell's Gravitas          Tloc           0%         N/A       71%         3
 Teleport Other           Tloc           0%         N/A       71%         3
 Dispersal                Tloc           0%         N/A       100%        6

Inventory:

Hand Weapons
 a - a +0 mace (weapon)
Armour
 b - a +0 robe (worn)
Magical Staves
 f - a staff of cold
Jewellery
 e - an amulet of reflection (around neck)
Scrolls
 d - 2 scrolls of identify {unknown}
 g - a scroll of summoning {unknown}
Potions
 c - a potion of ambrosia

Dungeon Overview and Level Annotations

Branches:
Dungeon (1/15)

Altars:
Qazlal

▒.▒...........▒...▒.▒
▒.....▒▒▒▒▒▒▒▒▒...▒.▒
▒.....~~.....~~...▒.▒
▒.....~≈~~.~~~≈...▒.▒
▒......~≈≈≈≈≈~≈~~†▒.▒
▒.....~≈≈≈≈≈≈≈≈~..▒.▒
▒.....~~≈≈~~~~~~..▒.▒
▒▒.....~≈≈☼.♣~≈~..▒.▒
.......~≈≈~O.≈~~..▒.▒
.......≈≈≈~..~~~~...▒
▒~~≈≈≈≈~≈~≈~....▒
..≈≈≈≈≈≈≈≈≈~~~▒▒▒
..~≈~≈~≈≈~≈~..▒
..K~~..~.~≈~~.▒
.......~.~~...▒
....▒▒▒▒▒▒▒▒▒▒▒ ▒▒▒


You could see a kobold.


Message History

You enter the shallow water.
f - a staff of cold You now have 18 gold pieces (gained 7).
You drop a staff of cold.
f - a staff of cold You enter the shallow water.
Found a scroll labelled USHREV DIOWN.
g - a scroll labelled USHREV DIOWN A rat is nearby!
A rat is nearby!
You hit the rat.
You kill the rat!
No target in view!
No target in view!
Unknown command.
You enter the shallow water.
A kobold comes into view. It is wielding a +0 dagger.
The kobold shouts!
There is a faded altar of an unknown god here.
You cannot tell which god this altar belongs to.
Convert to them anyway?
Qazlal accepts your prayer! Qazlal welcomes you!
You are now surrounded by a storm.
You can now call upon nature to destroy your foes.
Qazlal grants you and your divine allies immunity to clouds.
The kobold throws a stone.
The stone barely misses you.
Unknown command.
Press < or > to pray at altars.
Are you sure you want to abandon this character and quit the game? (Confirm with "yes".)

Action                   || total
-------------------------++-------
Melee: Mace              ||    31
       Punch             ||     1
Armor: Robe              ||    10
Dodge: Dodged            ||     7
Block: Other             ||     5

Levels and vault maps discovered:
D:1:      zelgadis_glass_arrival_small, layout_basic,
          chequers_ecumenical_altar_island, hangedman_decor_growths

Notes
Turn   | Place    | Note
-------+----------+-------------------------------------------
     0 | D:1      | sanka the Ogre Monk began the quest for the Orb.
     0 | D:1      | Reached XP level 1. HP: 24/24 MP: 1/1
    25 | D:1      | Reached skill level 3 in Maces & Flails
   121 | D:1      | Reached XP level 2. HP: 32/32 MP: 2/2
   330 | D:1      | Found a faded altar of an unknown god.
   422 | D:1      | Prayed at the altar of an unknown god.
   422 | D:1      | Became a worshipper of Qazlal Stormbringer
   422 | D:1      | Reached * piety under Qazlal
   422 | D:1      | Reached ** piety under Qazlal
   423 | D:1      | Quit the game

Vanquished Creatures
  3 endoplasms (D:1)
  A giant cockroach (D:1)
  3 goblins (D:1)
  5 hobgoblins (D:1)
  A frilled lizard (D:1)
  A kobold (D:1)
  2 rats (D:1)
16 creatures vanquished.
